 Dungeon Crawl Stone Soup version 0.31.0-11-ge490571c62 (webtiles) character file.

Game seed: 2275822166104374039

49 Silvore the Covered (level 3, -3/29 HPs)
             Began as a Demonspawn Fighter on Feb 10, 2024.
             Slain by an orc
             ... wielding a +0 falchion
              (5 damage)
             ... on level 1 of the Dungeon.
             The game lasted 00:01:31 (1168 turns).

Silvore the Covered (Demonspawn Fighter)            Turns: 1168, Time: 00:01:32

Health: -3/29      AC: 10    Str: 18    XL:     3   Next: 53%
Magic:  3/3        EV:  9    Int:  8    God:
Gold:   60         SH:  4    Dex: 12    Spells: 2/2 levels left

rFire   . . .        a - +1 long sword
rCold   . . .        c - +0 buckler
rNeg    . . .        b - +0 scale mail
rPois   .            (no helmet)
rElec   .            (no cloak)
rCorr   .            g - +2 pair of gloves
SInv    .            (no boots)
Will    .....        (no amulet) Stlth
                     (no ring)
HPRegen 0.24/turn    (no ring)
MPRegen 0.08/turn

%: no passive effects
@: mighty
A: powered by pain 1
a: no special abilities


You were on level 1 of the Dungeon.
You visited 1 branch of the dungeon, and saw 2 of its levels.

You collected 60 gold pieces.

Inventory:

Hand Weapons
 a - a +1 long sword (weapon)
Armour
 b - a +0 scale mail (worn)
 c - a +0 buckler (worn)
 g - a +2 pair of gloves (worn)
Potions
 e - a potion of haste {unknown}
 f - a potion of curing {unknown}


   Skills:
 + Level 3.2 Fighting
 + Level 2.2 Long Blades
 + Level 3.5 Armour
 + Level 0.1 Dodging
 + Level 2.9 Shields


You had 2 spell levels left.
You didn't know any spells.
Your spell library was empty.

Dungeon Overview and Level Annotations

Branches:
Dungeon (2/15)

Altars:


Innate Abilities, Weirdness & Mutations

You sometimes gain a little power by taking damage.


Message History

The orc is lightly wounded.
The orc hits you with a +0 falchion. You block the endoplasm's attack.
The orc hits you with a +0 whip. The orc hits you with a +0 falchion.
You block the endoplasm's attack.
You hit the endoplasm but do no damage. The orc hits you but does no damage.
The orc hits you with a +0 falchion. The endoplasm closely misses you.
You hit the endoplasm.
The endoplasm is heavily wounded.
The orc misses you. The orc hits you with a +0 falchion.
The endoplasm hits you.
* * * LOW HITPOINT WARNING * * *
The orc barely misses you.
You hit the endoplasm but do no damage.
The endoplasm is heavily wounded.
You block the orc's attack.
The endoplasm hits you but does no damage.
The orc hits you but does no damage. The orc closely misses you.
The endoplasm freezes you.
You are frozen.
* * * LOW HITPOINT WARNING * * *
You hit the endoplasm but do no damage.
The endoplasm is heavily wounded.
The orc completely misses you. The orc barely misses you.
The endoplasm hits you but does no damage.
Unknown command.
You feel very mighty all of a sudden. The orc closely misses you.
You block the orc's attack. The endoplasm freezes you.
You are frozen.
* * * LOW HITPOINT WARNING * * *
You slash the endoplasm!
You kill the endoplasm!
The orc hits you but does no damage. x3
You closely miss the orc. The orc hits you but does no damage.
You block the orc's attack. The orc hits you but does no damage.
Unknown command.
You slash the orc!
You kill the orc!
The orc hits you with a +0 falchion.
You die...

..........######.#.#
######.#......#..#.#
.......#.####.#..#.#
######.#.####.#.##.#
#....#...........##
#.##.#.####.#.....#
#................##
####.#.#..#.#....#
######.#.......o@)##
.....#(######.#†###
######......#.#.#
######.#.#.# #.#.#.#
#.#.#.# #.#.#.#####
#.#.#.....#
###########.#.####.##


You could see an orc.

Vanquished Creatures
  An adder (D:2)
  An orc (D:1)
  4 ball pythons (D:1)
  3 bats (D:1)
  3 endoplasms (D:1)
  4 giant cockroaches (D:1)
  7 goblins (D:1)
  A hobgoblin (D:1)
  3 quokkas (D:1)
  3 frilled lizards (D:1)
  3 kobolds (D:1)
  2 rats (D:1)
35 creatures vanquished.

Notes
Turn   | Place    | Note
-------+----------+-------------------------------------------
     0 | D:1      | Silvore the Demonspawn Fighter began the quest for the Orb.
     0 | D:1      | Reached XP level 1. HP: 18/18 MP: 1/1
   187 | D:1      | Gained mutation: You sometimes gain a little power by
                  | taking damage. [demonic ancestry]
   187 | D:1      | Reached XP level 2. HP: 24/24 MP: 2/2
   551 | D:1      | Reached XP level 3. HP: 23/29 MP: 3/3
  1165 | D:1      | HP: 1/29 [frozen (4)]
  1168 | D:1      | Slain by an orc

Illustrated notes

Levels and vault maps discovered:
D:1:      elethiomel_arrival_quiet, layout_basic
D:2:      layout_basic, uniq_crazy_yiuf_cottage

Skill      XL: |  1  2 |
---------------+-------+-----
Armour         | 3 |  3.5
Long Blades    | 2 |  2.2
Fighting       | |  3.2
Dodging        | |  0.1
Shields        | |  2.9

Action                     || total
---------------------------++-------
  Melee: Long sword        ||   112
    Use: Scroll            ||     3
         Potion            ||     1
 Armour: Scale mail        ||   115
  Dodge: Dodged            ||    83
  Block: Buckler           ||    33
